 Dungeon Crawl Stone Soup version 0.18-a0-1120-g03bd624 (console) character file.

249 FIQ the Insei (level 6, -8/32 HPs)
             Began as a Vine Stalker Transmuter on Jan 18, 2016.
             Mangled by FIQ's ghost (16 damage)
             ... on level 4 of the Dungeon.
             The game lasted 00:05:31 (2567 turns).

FIQ the Insei (Vine Stalker Transmuter)             Turns: 2567, Time: 00:05:31

Health: -8/32      AC:  2    Str: 12    XL:     6   Next: 12%
Magic:  0/11       EV: 21    Int: 13    God:
Gold:   168        SH:  0    Dex: 20    Spells: 3 memorised, 5 levels left

rFire  . . .     SeeInvis .       - Unarmed
rCold  . . .     Gourm    .     (armour currently unavailable)
rNeg   . . .     Faith    .     (shield currently unavailable)
rPois  .         Spirit   +     (helmet currently unavailable)
rElec  .         Dismiss  .     (cloak currently unavailable)
rCorr  .         Reflect  .     (gloves currently unavailable)
SustAt .         Harm     .     (boots currently unavailable)
MR     .....                    t - amulet of regeneration
Stlth  ++........               w - ring of poison resistance
                                g - -2 ring of intelligence (curse)

@: spider-form, not resistant to hostile enchantments, unstealthy
A: (fangs 0), regeneration 2, magic shield, (antimagic bite), no device heal 3,
rot immunity
a: End Transformation


You were on level 4 of the Dungeon.
You were not hungry.
You were a venomous arachnid creature.
You visited 1 branch of the dungeon, and saw 4 of its levels.

You collected 168 gold pieces.

Inventory:

Missiles
 a - 25 arrows
Armour
 b - a +0 robe (melded)
 q - a +1 pair of gloves (melded)
Jewellery
 g - a cursed -2 ring of intelligence (left front leg)
 t - an amulet of regeneration (around neck)
 w - a ring of poison resistance (right front leg)
Wands
 p - a wand of confusion (28/48)
 u - a wand of polymorph (12/24)
Scrolls
 h - 2 scrolls of magic mapping
 i - a scroll of fog
 j - a scroll of immolation
 k - 6 scrolls of identify
 n - 4 scrolls of blinking
 o - a scroll of teleportation
Potions
 s - a potion of cure mutation
Books
 c - a book of Changes

   Spells                             Type                      Level
   a - Beastly Appendage              Transmutation                1
   b - Sticks to Snakes               Transmutation                2
   c - Spider Form                    Transmutation/Poison         3
   d - Ice Form                       Ice/Transmutation            4
   e - Blade Hands                    Transmutation                5
Comestibles
 d - 4 bread rations
 f - 2 meat rations
 l - 2 slices of pizza
 m - a fruit
 v - a beef jerky


   Skills:
 + Level 2.4 Fighting
 + Level 2.7 Dodging
 + Level 4.0 Unarmed Combat
 + Level 3.2 Spellcasting
 + Level 3.1 Transmutations


You had 5 spell levels left.
You knew the following spells:

 Your Spells              Type           Power        Failure   Level  Hunger
a - Beastly Appendage     Trmt           ##....       24%         1    #......
b - Sticks to Snakes      Trmt           ##......     28%         2    ##.....
c - Spider Form           Trmt/Pois      #.........   61%         3    ###....


Dungeon Overview and Level Annotations

Branches:
Dungeon (4/15)
 Temple: D:4-7

Altars:
Fedhas
Qazlal

Annotations:
D:4 FIQ's ghost, amateur HOFi


Innate Abilities, Weirdness & Mutations

((You have extremely sharp teeth.))
You heal very quickly.
When hurt, damage is shared between your health and your magic reserves.
((Your bite disrupts and absorbs the magic of your enemies.))
Potions and wands cannot restore your health.
You are immune to rotting.


Message History

FIQ's ghost is lightly damaged.
FIQ's ghost whispers, "You will understand me better in a moment."
FIQ's ghost closely misses you.
You hit FIQ's ghost.
FIQ's ghost is moderately damaged.
FIQ's ghost hits you!
* * * LOW HITPOINT WARNING * * *
You hit FIQ's ghost.
FIQ's ghost is moderately damaged.
FIQ's ghost hits you.
* * * LOW HITPOINT WARNING * * *
You hit FIQ's ghost but do no damage.
FIQ's ghost is moderately damaged.
FIQ's ghost hits you but does no damage.
You bite FIQ's ghost!
FIQ's ghost is heavily damaged.
You feel a little less clever now. FIQ's ghost hits you!
Ouch! That really hurt!
You die...

### .. .#
#########.####
#...SSSSs..<.#
#.#######W##....
#.##### .# .
#.....# ..
#####.# ### #.#
#.#######
##.#......
##.........
#..........
#..........


You could see FIQ's ghost, a friendly adder and 3 friendly ball pythons.

Vanquished Creatures
  The ghost of FIQ the Ruffian, an amateur VSTm (D:3)
  A hound (D:4)
  A centaur skeleton (D:4)
  A worker ant (D:4)
  A gnoll (D:1)
  2 adders
  A worm (D:2)
  2 giant geckos
  A ball python (D:3)
  3 bats (D:1)
  2 giant cockroaches
  A goblin (D:1)
  6 hobgoblins (D:1)
  4 jackals
  A giant gecko skeleton (D:4)
  2 giant newts
  6 kobolds (D:1)
  3 rats
39 creatures vanquished.

Notes
Turn   | Place    | Note
--------------------------------------------------------------
     0 | D:1      | FIQ the Vine Stalker Transmuter began the quest for the Orb.
     0 | D:1      | Reached XP level 1. HP: 9/9 MP: 4/4
   112 | D:1      | Reached skill level 1 in Fighting
   188 | D:1      | Reached XP level 2. HP: 9/14 MP: 6/6
   415 | D:1      | Reached XP level 3. HP: 18/18 MP: 5/7
   588 | D:1      | Gained mutation: Your body sometimes deteriorates upon taking damage. [potion of mutation]
   588 | D:1      | Gained mutation: Scrolls take you a little longer to read. [potion of mutation]
   588 | D:1      | Gained mutation: You are partially covered in molten scales (AC +1). [potion of mutation]
  1725 | D:3      | Found a blossoming altar of Fedhas.
  1731 | D:3      | Noticed FIQ's ghost (amateur VSTm)
  1741 | D:3      | Lost mutation: Your body sometimes deteriorates upon taking damage. [potion of cure mutation]
  1741 | D:3      | Lost mutation: You are partially covered in molten scales (AC +1). [potion of cure mutation]
  1741 | D:3      | Lost mutation: Scrolls take you a little longer to read. [potion of cure mutation]
  1744 | D:3      | Killed FIQ's ghost
  1744 | D:3      | Reached XP level 4. HP: 5/23 MP: 2/9
  1744 | D:3      | Reached XP level 5. HP: 5/26 MP: 2/10
  2050 | D:3      | Found a stormy altar of Qazlal.
  2497 | D:4      | Reached skill level 4 in Unarmed Combat
  2497 | D:4      | Gained mutation: You heal very quickly. [Vine Stalker growth]
  2497 | D:4      | Reached XP level 6. HP: 20/32 MP: 9/11
  2527 | D:4      | Noticed FIQ's ghost (amateur HOFi)
  2539 | D:4      | Learned a level 3 spell: Spider Form
  2542 | D:4      | Learned a level 2 spell: Sticks to Snakes
  2567 | D:4      | Mangled by FIQ's ghost

Vault maps used:
D:1:      minmay_arrival_diagonal_passages
D:2:      first_bread
D:3:      grunt_temple_overflow_forces_of_nature, serial_glass, glass_columns_a,
          glass_columns_a
D:4:      elyvilon_altar_5

Action                   |  1- 3 |  4- 6 || total
-------------------------+-------+-------++-------
Melee: Unarmed           |   101 |    51 ||   152
 Cast: Beastly Appendage |    10 |     5 ||    15
       Sticks to Snakes  |       |     3 ||     3
       Spider Form       |       |     1 ||     1
  Use: Potion            |     9 |     3 ||    12
       Scroll            |       |     9 ||     9
 Stab: Sleeping          |     4 |       ||     4
  Eat: Chunk             |     2 |     5 ||     7
